 Dungeon Crawl Stone Soup version 0.20-a0-1122-gb7cbeb9 (webtiles) character file.

17 Gorglomux the Grasshopper (level 2, -1/23 HPs)
             Began as a Formicid Warper on May 14, 2017.
             Slain by a hobgoblin (4 damage)
             ... on level 1 of the Dungeon.
             The game lasted 00:00:51 (502 turns).

Gorglomux the Grasshopper (Formicid Warper)          Turns: 502, Time: 00:00:51

Health: -1/23      AC:  3    Str: 15    XL:     2   Next: 80%
Magic:  5/5        EV: 11    Int: 12    God:
Gold:   17         SH:  0    Dex: 10    Spells: 5/5 levels left

rFire    . . .     SeeInvis +   a - +0 mace
rCold    . . .     Gourm    .   (no shield)
rNeg     . . .     Faith    .   b - +0 leather armour
rPois    .         Spirit   .   (helmet unavailable)
rElec    .         Reflect  .   (no cloak)
rCorr    .         Harm     .   (no gloves)
MR       .....                  (no boots)
Stlth    +.........             (no amulet)
Regen    0.1/turn               (no ring)
MPRegen  0.1/turn               (no ring)

@: no status effects
A: permanent stasis, dig shafts and tunnels, four strong arms, antennae 3
a: Dig, Shaft Self


You were on level 1 of the Dungeon.
You were not hungry.

You visited 1 branch of the dungeon, and saw 1 of its levels.

You collected 17 gold pieces.

Inventory:

Hand Weapons
 a - a +0 mace (weapon)
Missiles
 e - 5 tomahawks of dispersal {=f}
Armour
 b - a +0 leather armour (worn)
Scrolls
 d - a scroll of blinking {!r}
 h - a scroll of remove curse {unknown}
 j - a scroll of teleportation {unknown}
 l - a scroll of random uselessness {unknown}
 m - a scroll of enchant weapon {unknown}
 n - a scroll of recharging {unknown}
 o - a scroll of noise {unknown}
Potions
 g - a potion of haste {unknown}
 i - a potion of lignification {unknown}
 k - a potion of curing {unknown}
Books
 c - a book of Spatial Translocations
Comestibles
 f - a bread ration {@e1@e1}


   Skills:
 - Level 2.3 Fighting
 + Level 2.4 Maces & Flails
 - Level 1.2 Throwing
 - Level 1.4 Armour
 - Level 1.8 Dodging
 - Level 2.4 Spellcasting
   Level 2.6 Translocations


You had 5 spell levels left.
You didn't know any spells.

Dungeon Overview and Level Annotations

Branches:
Dungeon (1/15)

Altars:


Innate Abilities, Weirdness & Mutations

You cannot be hasted, slowed, berserked, paralysed or teleported.
You can dig through walls and to a lower floor.
Your four strong arms can wield two-handed weapons with a shield.
You have a pair of large antennae on your head. (SInv)


Message History

Unknown command.
You barely miss the kobold. The bat closely misses you.
The kobold hits you with an enchanted dagger.
The kobold hits you but does no damage.
You take 4 damage, and have 16/23 hp.
Unknown command.
You hit the kobold.
You kill the kobold!
The bat closely misses you.
Unknown command.
The bat hits you but does no damage.
Unknown command.
You miss the bat. The bat closely misses you.
You hit the bat.
You kill the bat!
Unknown command.
No target in view!
Unknown command.
No target in view!
Unknown command.
No target in view!
Things that are here:
an enchanted dagger; a kobold corpse You butcher the kobold corpse.
Things that are here:
an enchanted dagger; an inedible chunk of flesh {@w0@w0} No target in view!
o - a scroll labeled OKHINI EHAYRYPT Unknown command.
No target in view!
You sense a monster nearby.
No target in view!
Unknown command.
No target in view!
Unknown command.
A rat comes into view.
A jackal comes into view.
The jackal barks!
A jackal and a hobgoblin come into view.
Unknown command.
The hobgoblin shouts!
The jackal barks!
The jackal bites you.
There are monsters nearby!
You closely miss the jackal. The jackal closely misses you.
The jackal bites you.
Unknown command.
There are monsters nearby!
You closely miss the jackal. The jackal closely misses you.
The rat barely misses you. The jackal misses you.
Unknown command.
You take 3 damage, and have 14/23 hp.
There are monsters nearby!
You barely miss the jackal. The jackal misses you.
The jackal closely misses you. The rat bites you but does no damage.
The hobgoblin closely misses you. The jackal closely misses you.
Unknown command.
The rat completely misses you. The jackal closely misses you.
You see here 11 gold pieces.
The rat bites you. The jackal barely misses you.
You take 1 damage, and have 13/23 hp.
The jackal completely misses you.
You extend your mandibles.
You dig through the rock wall.
You dig through the rock wall.
The jackal barely misses you.
You dig through the rock wall.
The jackal barely misses you.
You retract your mandibles.
You hit the jackal. The jackal misses you.
You hit the jackal.
You kill the jackal!
The jackal completely misses you.
You barely miss the jackal. The jackal bites you. The jackal barely misses you.
You take 3 damage, and have 11/23 hp.
You are too injured to fight recklessly!
You closely miss the jackal.
The jackal bites you but does no damage.
The jackal bites you.
You take 3 damage, and have 8/23 hp.
You are too injured to fight recklessly!
You are too injured to fight recklessly!
You hit the jackal. The jackal barely misses you.
You completely miss the jackal.
The jackal bites you but does no damage.
The jackal bites you.
You take 1 damage, and have 7/23 hp.
You miss the jackal. The jackal bites you.
* * * LOW HITPOINT WARNING * * *
The jackal bites you.
* * * LOW HITPOINT WARNING * * *
You take 3 damage, and have 4/23 hp.
You hit the jackal.
You kill the jackal!
You barely miss the rat. The rat closely misses you.
The rat twitches its whiskers.
The rat bites you.
* * * LOW HITPOINT WARNING * * *
You take 2 damage, and have 2/23 hp.
You sock the rat!
You kill the rat!
The hobgoblin closely misses you.
You hit the hobgoblin. The hobgoblin hits you.
You die...

.#.#.# .#.#.# ##.#.# {
...#.# .#.#.# ..##.# .###.##
#.#... >.....# .....##
####..# ####.#... ...#..#
##@##.#..# ##.#..#
#g###.#..#
##.#..##########.##.#..####.
...#.......... #..gg........
######.######.##.##.#..###..
#.†)..# #.......$....
#.##### #.......###... #.# #
#..#......# ..
#.##########.#..#.####.#...


You could see a hobgoblin.

Vanquished Creatures
  A dart slug (D:1)
  A giant cockroach (D:1)
  2 goblins (D:1)
  2 jackals (D:1)
  2 kobolds (D:1)
  2 bats (D:1)
  5 rats (D:1)
15 creatures vanquished.

Notes
Turn   | Place    | Note
-------+----------+-------------------------------------------
     0 | D:1      | Gorglomux the Formicid Warper began the quest for the Orb.
     0 | D:1      | Reached XP level 1. HP: 16/16 MP: 3/3
     7 | D:1      | Gorglomux: i knew it
     7 | D:1      | Gorglomux: was wondering if i could kill frogs
   228 | D:1      | Reached XP level 2. HP: 21/23 MP: 5/5
   498 | D:1      | HP: 5/23 [jackal (2)]
   500 | D:1      | HP: 2/23 [rat (2)]
   502 | D:1      | Slain by a hobgoblin

Vault maps used:
D:1:      doesnt_arrival_goblin_jail

Action                   || total
-------------------------++-------
Melee: Mace              ||    44
 Abil: Dig               ||     1
Armor: Leather armour    ||    14
Dodge: Dodged            ||    48

Vault maps used:
D:1:      doesnt_arrival_goblin_jail

Table legend:
 A = Turns spent in this place as a percentage of turns spent in the entire game.
 B = Non-inter-level travel turns spent in this place as a percentage of non-inter-level travel turns spent in the entire game.
 C = Inter-level travel turns spent in this place as a percentage of turns spent in this place.
 D = Turns resting spent in this place as a percentage of non-inter-level travel turns spent in this place.
 E = Turns spent auto-exploring this place as a percentage of non-inter-level travel turns spent in this place.
 F = Non-inter-level travel turns spent in this place divided by the number of levels of this place that you've seen.
                   A       B       C       D       E      F
               +-------+-------+-------+-------+-------+----------------------
         Total | 100.0 | 100.0 |   0.0 |   0.0 |  11.0 | 281.0
       Dungeon | 100.0 | 100.0 |   0.0 |   0.0 |  11.0 | 281.0
               +-------+-------+-------+-------+-------+----------------------

Table legend:
 A = Kills in this place as a percentage of kills in entire the game.
 B = Kills by you in this place as a percentage of kills by you in the entire game.
 C = Kills by friends in this place as a percentage of kills by friends in the entire game.
 D = Other kills in this place as a percentage of other kills in the entire game.
 E = Experience gained in this place as a percentage of experience gained in the entire game.
 F = Experience gained in this place divided by the number of levels of this place that you have seen.
                   A       B       C       D       E      F
               +-------+-------+-------+-------+-------+----------------------
         Total | 100.0 | 100.0 |  -nan |  -nan | 100.0 |  25.0
       Dungeon | 100.0 | 100.0 |  -nan |  -nan | 100.0 |  25.0
               +-------+-------+-------+-------+-------+----------------------
